 Dungeon Crawl Stone Soup version 0.31.0-9-g3a7656b989 (webtiles) character file.

Game seed: 16752812227105246968

70 Chiseanne the Insei (level 4, -1/33 HPs)
             Began as a Demonspawn Shapeshifter on Feb 3, 2024.
             Slain by a gnoll
             ... wielding a +0 halberd
              (11 damage)
             ... on level 3 of the Dungeon.
             The game lasted 00:02:05 (1324 turns).

Chiseanne the Insei (Demonspawn Shapeshifter)       Turns: 1324, Time: 00:02:05

Health: -1/33      AC:  6    Str: 14    XL:     4   Next: 4%
Magic:  0/4        EV:  5    Int: 10    God:
Gold:   87         SH:  0    Dex: 15    Spells: 3/3 levels left

rFire   . .          .
                       - Unarmed
rCold   . . .        (no shield)
rNeg    . . .        l - +0 scale mail
rPois   .            (helmet currently unavailable)
rElec   .            (cloak currently unavailable)
rCorr   .            (gloves currently unavailable)
SInv    .            (boots currently unavailable)
Will    .....        a - amulet of guardian spirit Stlth
                     (no ring)
HPRegen 0.25/turn    (no ring)
MPRegen 0.09/turn

%: guardian spirit
@: beast-form, held
A: beast (slay +1), claws 1, demonic guardian 1
a: Begin Untransformation


You were on level 3 of the Dungeon.
You were a hulking beast.
You visited 1 branch of the dungeon, and saw 3 of its levels.

You collected 87 gold pieces.

Inventory:

Missiles
 h - 5 atropa-tipped darts
 i - 6 boomerangs (quivered)
Armour
 l - a +0 scale mail (worn)
Magical Staves
 n - a staff of cold
Jewellery
 a - an amulet of guardian spirit (around neck)
 j - an amulet of the acrobat
Talismans
 c - a beast talisman (active)
 d - a flux talisman
Scrolls
 f - 2 scrolls of teleportation
Potions
 b - a potion of lignification
 e - 3 potions of degeneration {unknown}
 g - 2 potions of curing
 m - a potion of cancellation {unknown}


   Skills:
 * Level 1.9 Fighting
 * Level 1.2 Armour
 * Level 2.3 Dodging
 * Level 3.1 Unarmed Combat
 * Level 3.0 Shapeshifting


You had 3 spell levels left.
You didn't know any spells.
Your spell library was empty.

Dungeon Overview and Level Annotations

Branches:
Dungeon (3/15)

Altars:


Innate Abilities, Weirdness & Mutations

You are a hulking beast.
Your limbs bulge with bestial killing power. (Slay +1)
You have sharp fingernails.
A weak demonic guardian rushes to your aid.


Message History

You have reached level 4!
You feel agile.
You see here an adder corpse.
You now have 87 gold pieces (gained 11).
There is an open door here.
There is an open door here.
Done exploring.
No target in view!
As you read the scroll labelled IHANOA PUOCK, it crumbles to dust.
You assume a fearsome visage.
Nothing appears to happen.
It was a scroll of fear.
You see here a rat skeleton.
There is a stone staircase leading down here.
You climb downwards.
The gnoll shouts!
You hear a shout! x2
Found a ring mail and a barding.
There is a stone staircase leading up here.
A gnoll is nearby!
A gnoll comes into view. It is wielding a +0 halberd.
A gnoll comes into view.
It is wielding a +0 whip and quivering a throwing net.
An adder comes into view.
The adder hisses angrily.
The gnoll misses you.
The gnoll hits you from afar with a +0 halberd!
A gnoll comes into view. It is wielding a +0 whip.
The gnoll closely misses you. The gnoll hits you with a +0 flail!
The gnoll throws a throwing net.
The throwing net hits you.
You become entangled in the net!
You stop ascending the stairs.
You tear a large gash into the net.
The gnoll hits you from afar with a +0 halberd!
The gnoll hits you with a +0 flail.
* * * LOW HITPOINT WARNING * * *
A demonic guardian appears!
The gnoll closely misses your ufetubus.
You feel better.
Your ufetubus hits the gnoll. x2
The gnoll hits you but does no damage. The gnoll completely misses you.
The gnoll closely misses your ufetubus.
You struggle against the net.
Your ufetubus slips past the gnoll!
Your ufetubus hits the gnoll but does no damage. x2
The gnoll hits you from afar with a +0 halberd!
You die...

#########
#h.......
#g.#####.
#..gS
...gg..
#..[5#...
...... .[
..<..#. .
..#.....


You could see 4 gnolls, an adder and a friendly ufetubus (summoned).

Vanquished Creatures
  4 adders (D:2)
  2 endoplasms (D:1)
  3 giant cockroaches
  2 goblins (D:2)
  6 hobgoblins
  A quokka (D:2)
  2 ball pythons
  2 bats (D:1)
  A frilled lizard (D:1)
  2 kobolds
  10 rats
35 creatures vanquished.

Vanquished Creatures (collateral kills)
  A hobgoblin (D:2)
1 creature vanquished.

Grand Total: 36 creatures vanquished

Notes
Turn   | Place    | Note
-------+----------+-------------------------------------------
     0 | D:1      | Chiseanne the Demonspawn Shapeshifter began the quest for
                  | the Orb.
     0 | D:1      | Reached XP level 1. HP: 15/15 MP: 1/1
   292 | D:1      | Gained mutation: You have sharp fingernails. [demonic
                  | ancestry]
   292 | D:1      | Reached XP level 2. HP: 21/21 MP: 2/2
   618 | D:2      | Gained mutation: A weak demonic guardian rushes to your
                  | aid. [demonic ancestry]
   618 | D:2      | Reached XP level 3. HP: 24/26 MP: 3/3
   681 | D:2      | Reached skill level 1 in Armour
  1144 | D:2      | Reached XP level 4. HP: 33/33 MP: 4/4
  1324 | D:3      | Slain by a gnoll

Illustrated notes

Levels and vault maps discovered:
D:1:      shiori_shiawase, layout_rooms
D:2:      layout_basic
D:3:      layout_basic, hangedman_decor_push, roderic_batcave,
          uniq_crazy_yiuf_cottage

Skill      XL: |  1  2  3 |
---------------+----------+-----
Dodging        | 2 |  2.3
Unarmed Combat | 3 |  3.1
Armour         | 1 |  1.2
Shapeshifting  | 3 |  3.0
Fighting       | |  1.9

Action                     |  1- 3 |  4- 6 || total
---------------------------+-------+-------++-------
  Melee: Unarmed           |    90 |       ||    90
    Use: Scroll            |     2 |     1 ||     3
         Potion            |       |     1 ||     1
   Stab: Sleeping          |     1 |       ||     1
 Armour: Animal skin       |     5 |       ||     5
         Ring mail         |     5 |       ||     5
         Scale mail        |    32 |     6 ||    38
  Dodge: Dodged            |    37 |     3 ||    40
   Form: Beast             |     1 |       ||     1
